 Dungeon Crawl Stone Soup version 0.27.0-1-g7a089689b8 (webtiles) character file.

Game seed: 3174457081236024719

6 theswoord the Twirler (level 1, -1/16 HPs)
             Began as a Demonspawn Gladiator on Aug 6, 2021.
             Slain by a kobold (3 damage)
             ... on level 1 of the Dungeon.
             The game lasted 00:00:30 (173 turns).

theswoord the Twirler (Demonspawn Gladiator)         Turns: 173, Time: 00:00:31

Health: -1/16      AC:  4    Str: 14    XL:     1   Next: 75%
Magic:  1/1        EV: 12    Int:  9    God:
Gold:   15         SH:  0    Dex: 14    Spells: 0/0 levels left

rFire    . . .     SeeInvis .   a - +0 quarterstaff
rCold    . . .     Faith    .   (shield currently unavailable)
rNeg     . . .     Spirit   .   b - +0 leather armour
rPois    .         Reflect  .   c - +0 helmet
rElec    .         Harm     .   (no cloak)
rCorr    .         Rampage  .   (no gloves)
Will     .....                  (no boots)
Stlth    +.........             (no amulet)
HPRegen  0.05/turn              (no ring)
MPRegen  0.07/turn              (no ring)

@: no status effects
A: no striking features
a: no special abilities


You were on level 1 of the Dungeon.
You visited 1 branch of the dungeon, and saw 1 of its levels.

You collected 15 gold pieces.

Inventory:

Hand Weapons
 a - a +0 quarterstaff (weapon)
Missiles
 d - 3 throwing nets (quivered)
Armour
 b - a +0 leather armour (worn)
 c - a +0 helmet (worn)


   Skills:
 - Level 2.0 Fighting
 + Level 3.1 Staves
 - Level 1.7 Throwing
 - Level 2.6 Dodging


You couldn't memorise any spells.
You didn't know any spells.
Your spell library was empty.

Dungeon Overview and Level Annotations

Branches:
Dungeon (1/15)

Altars:


Message History

The bat closely misses you. The bat misses you.
The bat hits you but does no damage. The bat hits you but does no damage.
The bat barely misses you. The bat barely misses you.
The bat hits you but does no damage. The ball python barely misses you.
The ball python closely misses you. The bat barely misses you.
The ball python bites you but does no damage.
The ball python grabs you. The ball python constricts you.
You escape the ball python's grasp.
The bat barely misses you. The bat barely misses you. The bat misses you.
The bat closely misses you. The bat completely misses you. The bat hits you.
* * * LOW HITPOINT WARNING * * *
You barely miss the bat. The bat hits you but does no damage.
The bat barely misses you.
You hit the bat.
The bat is moderately wounded.
The bat hits you but does no damage. The bat closely misses you.
You sock the bat!
You kill the bat!
The ball python closely misses you. The ball python barely misses you.
Your Staves skill increases to level 3!
You barely miss the ball python. The ball python closely misses you.
The ball python misses you.
You hit the ball python but do no damage.
The ball python bites you but does no damage.
The ball python barely misses you. The ball python closely misses you.
The ball python completely misses you.
You thump the ball python!
You kill the ball python!
The endoplasm jiggles.
The ball python closely misses you. The ball python barely misses you.
The endoplasm quivers.
You thump the ball python!
You kill the ball python!
You closely miss the kobold. The kobold hits you with a +0 dagger.
You die...

.....## #...........###.#
....K####........).## .
......#...g.KJ.....# ###
.......g#########J## ..
........# #..# .# ........#
#J####.###### .........
#g###........ #. #
...........## #K##.........
#.##
........##...###@#..........
..# .......##
##................ #.#
......## ####....###........
#.# .....#.##.......... #..
###....#.#........ ##.
#......#........ #..
#....###........ #.# #..†.#
############.#
#####....#########.......


You could see 2 endoplasms, a goblin and a kobold.

Vanquished Creatures
  A giant cockroach (D:1)
  2 ball pythons (D:1)
  A bat (D:1)
  A goblin (D:1)
  A kobold (D:1)
  A rat (D:1)
7 creatures vanquished.

Notes
Turn   | Place    | Note
-------+----------+-------------------------------------------
     0 | D:1      | theswoord the Demonspawn Gladiator began the quest for the
                  | Orb.
     0 | D:1      | Reached XP level 1. HP: 16/16 MP: 1/1
   169 | D:1      | Reached skill level 3 in Staves
   173 | D:1      | Slain by a kobold

Skill      XL: |  1 |
---------------+----+-----
Staves         | 3 |  3.1
Fighting       | |  2.0
Throwing       | |  1.7
Dodging        | |  2.6

Action                   || total
-------------------------++-------
Melee: Quarterstaff      ||    17
Armor: Leather armour    ||    19
Dodge: Dodged            ||    41

Levels and vault maps discovered:
D:1:      heliophobic_arrival_ceremonial_halls, layout_rooms,
          hellmonk_ecumenical_altar_prayer_group
